Map: Disco Bloodbath LE

Players

HeroMarine - Winner!

  • Race: Terran Terran
  • Spawn Location: 3:00

HalfBreed

  • Race: Zerg Zerg
  • Spawn Location: 9:00

Event: NationWars 2019

VOD

Have the link to the VOD?

Description

Time

  • Played on: Oct. 11, 2019, 11:51 a.m.
  • Length: 13:04

All games in this series

Show
View Real Time Build Order
Export as new Build Order

HeroMarine Terran - Winner!

Build Orders: Hellion Opening, Reaper Expand 

Get SALT Encoding   

  12  0:00  SCV  
  13  0:13  SCV  
  14  0:17  Supply Depot  
  14  0:25  SCV  
  15  0:38  SCV  
  15  0:42  Barracks  
  16  0:44  Refinery  
  16  0:51  SCV  
  17  1:03  SCV  
  18  1:15  SCV  
  19  1:29  Orbital Command, Reaper  
  20  1:38  Command Center  
  20  1:47  Supply Depot  
  20  1:54  SCV  
  20  2:01  Marine  
  22  2:06  SCV  
  23  2:09  Factory  
  23  2:13  Refinery  
  23  2:19  SCV  
  23  2:21  Barracks Reactor  
  24  2:31  SCV  
  25  2:43  SCV  
  26  2:55  SCV, Starport  
  26  2:57  Orbital Command  
  27  3:04  Hellion x2  
  31  3:07  SCV, Barracks Tech Lab  
  32  3:19  SCV  
  33  3:22  SCV  
  33  3:25  Hellion x2  
  33  3:26  Supply Depot  
  38  3:31  SCV, Viking  
  38  3:32  Marine  
  42  3:34  SCV  
  42  3:35  Stimpack  
  43  3:43  SCV  
  43  3:46  SCV  
  45  3:50  Hellion x2  
  45  3:51  Supply Depot  
  45  3:52  Marine  
  50  3:55  SCV  
  50  3:58  SCV  
  52  4:07  SCV  
  53  4:10  SCV  
  53  4:15  Command Center  
  53  4:16  Marine  
  55  4:20  SCV  
  55  4:22  SCV  
  55  4:23  Supply Depot  
  57  4:25  Factory Tech Lab  
  57  4:30  Barracks  
  57  4:31  Starport Reactor  
  57  4:32  Barracks  
  57  4:34  Marine  
  57  4:35  SCV x2  
  60  4:46  Engineering Bay  
  60  4:47  SCV x2  
  60  4:52  Engineering Bay, Marine  
  63  4:53  Siege Tank  
  63  4:54  Supply Depot  
  63  4:59  SCV  
  68  5:00  SCV  
  68  5:09  Refinery  
  68  5:10  Marine, Refinery  
  68  5:11  SCV  
  70  5:14  Terran Infantry Weapons Level 1  
  70  5:16  Combat Shield, SCV  
  70  5:17  Supply Depot  
  70  5:18  Starport Reactor  
  70  5:19  Terran Infantry Armor Level 1  
  71  5:25  Marine x2  
  71  5:27  Marine  
  76  5:29  Orbital Command  
  76  5:30  Marine  
  76  5:31  Marine  
  76  5:36  Siege Tank  
  76  5:39  SCV x2  
  81  5:42  Marine x2  
  81  5:48  Marine x2  
  85  5:53  Marine  
  85  5:55  SCV x2  
  85  5:56  Orbital Command  
  88  6:01  Barracks x2  
  88  6:02  Supply Depot x2  
  88  6:07  SCV x2, Marine  
  88  6:08  Marine x3  
  88  6:11  Medivac  
  96  6:12  Medivac  
  96  6:18  Supply Depot  
  98  6:19  SCV  
  98  6:22  SCV  
  98  6:25  SCV  
  101  6:28  Marine x3  
  101  6:31  SCV  
  105  6:33  Marine  
  105  6:34  SCV  
  105  6:37  SCV  
  105  6:38  Factory  
  108  6:41  Armory  
  108  6:43  SCV, Factory Reactor  
  108  6:44  Marine  
  108  6:45  Marine  
  108  6:46  SCV, Marine  
  113  6:49  SCV  
  113  6:51  Barracks Reactor, Refinery  
  113  6:52  Barracks Reactor, Marine  
  113  6:53  Marine  
  116  6:56  SCV  
  116  6:58  SCV  
  118  7:01  SCV, Supply Depot  
  118  7:02  Marine  
  118  7:03  Supply Depot  
  118  7:05  Marine x2  
  118  7:08  SCV  
  123  7:10  SCV, Marine  
  125  7:19  SCV  
  125  7:23  SCV x2, Marine x4  
  125  7:26  Widow Mine x2  
  125  7:27  Widow Mine  
  125  7:28  Marine  
  125  7:29  Drilling Claws, Supply Depot  
  138  7:30  Supply Depot, Terran Infantry Weapons Level 2  
  138  7:36  Supply Depot  
  138  7:38  Marine x3  
  141  7:47  Supply Depot, Marine  
  141  7:50  Marine x4  
  145  7:54  Medivac x2  
  145  7:56  Command Center  
  149  7:59  Marine x2  
  149  8:00  Marine x2  
  149  8:05  Marine  
  154  8:08  Marine  
  154  8:10  Marine  
  154  8:11  Marine x2  
  149  8:14  Widow Mine  
  149  8:17  Marine x2  
  149  8:18  SCV x2  
  148  8:20  SCV  
  148  8:23  Marine  
  148  8:24  Medivac x2, Marine  
  152  8:32  Marine x3  
  153  8:35  Marine x3  
  153  8:37  Marine  
  153  8:41  Marine x2  
  133  8:50  Marine x3  
  133  8:52  Marine  
  133  8:53  Marine x2  
  133  8:54  Medivac  
  133  8:55  Marine  
  127  8:58  Widow Mine x3  
  127  8:59  Medivac, Marine x2  
  127  9:01  Terran Infantry Armor Level 2  
  133  9:10  Marine  
  133  9:11  Marine x2  
  133  9:13  Command Center  
  136  9:19  Widow Mine x2  
  136  9:21  Marine x2  
  136  9:22  Marine x2  
  136  9:23  Marine  
  144  9:24  Medivac, Marine  
  144  9:27  Marine  
  144  9:29  Medivac, Marine x2  
  146  9:33  Widow Mine  
  140  9:39  Marine x4  
  140  9:40  Widow Mine  
  140  9:41  Marine, Widow Mine  
  140  9:42  Marine  
  150  9:45  Marine  
  150  9:47  Marine x2  
  151  9:54  Medivac  
  151  9:55  Widow Mine  
  151  9:56  Barracks  
  151  9:57  Barracks, Marine x4  
  151  9:59  Barracks, Medivac, Marine  
  162  10:00  Marine  
  162  10:02  Widow Mine  
  162  10:03  Marine  
  162  10:05  Marine x2  
  168  10:14  Widow Mine  
  170  10:15  Marine x4  
  170  10:17  Marine  
  170  10:18  Widow Mine  
  170  10:20  Marine  
  170  10:21  Marine  
  158  10:22  SCV x3  
  158  10:24  Medivac, Marine x2  
  159  10:29  Medivac  
  159  10:31  Planetary Fortress  
  159  10:32  Marine  
  159  10:33  Marine x3  
  159  10:34  SCV x3  
  159  10:35  Marine  
  167  10:36  Widow Mine  
  167  10:38  Marine, Widow Mine  
  167  10:39  Marine  
  165  10:46  SCV x3  
  166  10:51  Barracks Tech Lab  
  166  10:52  Barracks Tech Lab x2  
  166  10:53  Marine  
  166  10:55  Supply Depot  
  166  10:56  Marauder  
  169  10:57  Supply Depot  
  169  10:58  SCV x3, Marine x5  
  169  10:59  Marine x2  
  169  11:01  Widow Mine x2  
  169  11:03  Widow Mine  
  185  11:10  SCV  
  186  11:13  Marauder  
  186  11:15  Marine x2  
  186  11:18  Marauder, Marine  
  191  11:32  Command Center  
  191  11:33  Medivac x2  
  191  11:36  Concussive Shells  
  191  11:37  Starport  
  191  11:38  Starport  
  191  11:39  Fusion Core, Refinery  
  195  11:40  Refinery  
  195  11:41  Ghost Academy  
  195  11:46  Marauder x2  
  199  11:47  Marauder  
  199  11:51  Marauder  
  199  11:54  Marine x4  
  193  11:57  Marine  
  193  12:00  Marine  
  197  12:06  Marine x2  
  197  12:07  Marine  
  191  12:22  Starport Reactor, Starport Tech Lab  
  191  12:25  Refinery  
  191  12:26  Marauder x2  
  191  12:29  Marine x3  
  197  12:30  Marine x2  
  198  12:39  Marine  
  198  12:40  Marauder  
  198  12:44  Marine x2  
Show
View Real Time Build Order
Export as new Build Order

HalfBreed Zerg 

Build Orders: Hatch First 

Get SALT Encoding   

  12  0:01  Drone  
  13  0:12  Overlord  
  13  0:16  Drone  
  14  0:30  Drone  
  14  0:31  Drone  
  16  0:47  Hatchery  
  15  0:51  Drone  
  15  0:54  Drone  
  17  0:58  Drone  
  18  1:08  Extractor  
  17  1:13  Spawning Pool  
  17  1:16  Drone  
  17  1:19  Drone  
  18  1:29  Drone  
  19  1:40  Drone  
  20  1:50  Drone  
  21  2:00  Queen x2  
  21  2:01  Zergling x4  
  27  2:13  Hatchery  
  26  2:19  Overlord  
  26  2:26  Drone x2  
  28  2:36  Pneumatized Carapace  
  28  2:43  Queen  
  31  2:44  Drone x2  
  31  2:49  Drone x2  
  34  3:00  Drone x2, Metabolic Boost  
  36  3:22  Overlord x2  
  36  3:24  Queen  
  36  3:26  Drone x4  
  43  3:41  Zergling x6  
  43  3:42  Zergling x6  
  43  3:47  Drone x2  
  50  3:50  Queen  
  50  3:53  Drone x3  
  55  3:59  Drone  
  55  4:00  Drone x2  
  58  4:07  Overlord  
  58  4:14  Baneling Nest  
  57  4:17  Overlord x2  
  57  4:24  Overlord  
  57  4:28  Drone  
  58  4:33  Overlord  
  58  4:35  Queen  
  58  4:36  Overlord x2  
  58  4:37  Drone x6  
  66  4:45  Drone  
  67  4:46  Spore Crawler  
  67  4:47  Overlord  
  67  4:52  Queen  
  68  4:55  Overlord  
  68  4:57  Lair, Baneling  
  68  4:58  Baneling x3  
  68  5:03  Overlord  
  68  5:04  Drone  
  68  5:05  Drone x2  
  71  5:07  Extractor  
  68  5:14  Drone  
  68  5:15  Drone x6  
  68  5:17  Drone  
  68  5:19  Drone, Extractor  
  76  5:23  Drone x2  
  76  5:26  Drone  
  79  5:37  Overlord  
  79  5:38  Drone x2  
  80  5:44  Drone  
  80  5:46  Drone  
  80  5:49  Drone x2  
  84  5:50  Extractor x2  
  84  5:51  Extractor  
  84  5:52  Queen  
  84  5:54  Queen  
  83  6:00  Drone  
  83  6:01  Drone x2  
  86  6:04  Evolution Chamber  
  86  6:05  Evolution Chamber  
  86  6:07  Drone  
  86  6:09  Drone  
  86  6:10  Drone x2  
  86  6:12  Drone  
  86  6:14  Zergling x12  
  86  6:15  Overseer  
  93  6:22  Drone  
  94  6:27  Zergling x16  
  102  6:33  Zerg Melee Weapons Level 1, Zerg Ground Armor Level 1, Centrifical Hooks  
  102  6:38  Overseer  
  102  6:43  Drone  
  102  6:45  Drone  
  104  6:47  Hydralisk Den  
  104  6:48  Overlord  
  104  6:49  Hatchery  
  104  6:50  Zergling x10  
  107  6:55  Zergling x2  
  107  6:56  Zergling x8  
  112  7:04  Baneling  
  112  7:05  Baneling x3  
  112  7:07  Zergling x10  
  117  7:12  Zergling x6  
  120  7:22  Drone  
  117  7:27  Zergling x10  
  116  7:35  Grooved Spines  
  116  7:38  Hydralisk x4  
  116  7:39  Hydralisk x2  
  116  7:40  Queen  
  116  7:41  Hatchery  
  129  7:44  Overlord x2  
  128  7:56  Overlord x3  
  128  7:57  Zergling x2  
  129  7:59  Baneling  
  129  8:00  Baneling  
  128  8:10  Hydralisk x4  
  128  8:11  Zergling x10  
  129  8:13  Baneling x14  
  129  8:18  Zergling x2  
  129  8:19  Zergling x2  
  125  8:22  Hydralisk x4  
  129  8:27  Hydralisk  
  129  8:28  Hydralisk  
  129  8:34  Hatchery  
  130  8:39  Hydralisk  
  130  8:40  Hydralisk  
  130  8:41  Zergling x2  
  120  8:46  Zergling x6  
  104  8:54  Zergling x14  
  102  8:59  Zergling x2  
  101  9:06  Zergling x2  
  101  9:07  Zergling x8  
  106  9:12  Drone  
  104  9:23  Baneling  
  104  9:24  Baneling x6  
  102  9:26  Hydralisk  
  102  9:27  Hydralisk x6  
  102  9:28  Zergling x2  
  112  9:32  Queen  
  112  9:35  Zergling x6  
  114  9:44  Muscular Augments  
  114  9:46  Zergling x12  
  120  9:56  Spawning Pool  
  119  10:00  Drone  
  119  10:05  Hydralisk x5  
  128  10:10  Overseer  
  116  10:27  Drone  
  115  10:33  Hydralisk x9  
  126  10:44  Hatchery  
  125  10:51  Zergling x12  
  125  10:56  Baneling x3  
  131  11:00  Zergling x2  
  131  11:01  Zergling x8  
  131  11:19  Zergling x14  
  136  11:36  Hatchery  
  136  11:39  Zergling x8  
  142  11:40  Zergling x6  
  142  11:46  Infestation Pit  
  122  11:56  Zergling x10  
  116  12:01  Zergling x2  
  110  12:13  Drone x5  
  109  12:18  Baneling x14  
  109  12:22  Queen  
  109  12:27  Evolution Chamber  
  108  12:30  Drone x3  
  111  12:39  Zergling x8  
Tags
 
Add a new tag
Caveats
  • Supply blocks, unpowered buildings, or Contaminate may cause inaccurate times.
  • Supply counts are checked every 10 seconds.